 Dungeon Crawl Stone Soup version 0.23.2-30-g0e89c35649 (webtiles) character file.

Game seed: 14135704525423742215

303 Kairos the Shield-Bearer (level 6, -4/32 HPs)
             Began as a Vine Stalker Fighter on June 11, 2019.
             Slain by Pikel
             ... wielding a +1 whip of electrocution
              (7 damage)
             ... while paralysed by Pikel
             ... on level 4 of the Dungeon.
             The game lasted 00:04:24 (2372 turns).

Kairos the Shield-Bearer (Vine Stalker Fighter)     Turns: 2372, Time: 00:04:24

Health: -4/32      AC:  9    Str: 18    XL:     6   Next: 38%
Magic:  0/7        EV:  2    Int:  8    God:
Gold:   243        SH:  0    Dex: 16    Spells: 5/5 levels left

rFire    . . .     SeeInvis .   a - +0 rapier
rCold    . . .     Gourm    .   c - +0 shield
rNeg     . . .     Faith    .   b - +0 scale mail
rPois    .         Spirit   +   (no helmet)
rElec    .         Reflect  .   s - +0 cloak
rCorr    .         Harm     .   p - +0 pair of gloves
MR       .....                  (no boots)
Stlth    ..........             (no amulet)
HPRegen  0.50/turn              (no ring)
MPRegen  0.10/turn              (no ring)

@: paralysed
A: fangs 2, regeneration 1, magic shield, antimagic bite, no potion heal 3, rot
immunity
a: no special abilities


You were on level 4 of the Dungeon.
You were hungry.

You visited 1 branch of the dungeon, and saw 4 of its levels.

You collected 243 gold pieces.

Inventory:

Hand Weapons
 a - a +0 rapier (weapon)
Missiles
 k - 8 tomahawks (quivered)
Armour
 b - a +0 scale mail (worn)
 c - a +0 shield (worn)
 p - a +0 pair of gloves (worn)
 s - a +0 cloak (worn)
Scrolls
 e - 2 scrolls of teleportation {unknown}
 g - a scroll of amnesia {unknown}
 h - a scroll of fog {unknown}
 l - 4 scrolls of remove curse {unknown}
 n - 2 scrolls of identify {unknown}
 r - a scroll of magic mapping {unknown}
Potions
 d - a potion of might
 i - 2 potions of brilliance {unknown}
 j - a potion of haste
 m - a potion of magic {unknown}
 o - 2 potions of flight {unknown}
 q - a potion of lignification {unknown}
Comestibles
 f - 5 rations


   Skills:
 + Level 3.5 Fighting
 + Level 3.2 Short Blades
 + Level 3.3 Armour
 + Level 1.3 Dodging
 + Level 0.1 Stealth
 + Level 4.0 Shields


You had 5 spell levels left.
You didn't know any spells.
Your spell library was empty.

Dungeon Overview and Level Annotations

Branches:
Dungeon (4/15)
 Temple: D:4-7

Altars:
Fedhas
Ru
Sif Muna
Uskayaw
Wu Jian
Xom
Zin

Annotations:
D:4 Pikel


Innate Abilities, Weirdness & Mutations

You have extremely sharp teeth.
Your natural rate of healing is unusually fast.
When hurt, damage is shared between your health and your magic reserves.
Your bite disrupts and absorbs the magic of your enemies.
Potions cannot restore your health.
You are immune to rotting.


Message History

Pikel hits you but does no damage.
You hear a splashing noise.
Pikel splashes around in the water.
You puncture Pikel! Your bite misses Pikel.
Pikel is heavily wounded.
Pikel zaps a wand.
You easily resist.
Sorry, you're not good enough to have a special ability.
You hit Pikel but do no damage.
Pikel is heavily wounded.
Pikel zaps a wand.
You suddenly lose the ability to move!
Pikel hits you with a +1 whip of electrocution.
Something hits the plant but does no damage.
Pikel splashes around in the water.
Something hits the plant but does no damage.
Pikel hits you with a +1 whip of electrocution.
You are electrocuted!
* * * LOW HITPOINT WARNING * * *
Something hits the plant but does no damage.
Pikel hits you with a +1 whip of electrocution!
You die...

##.....#.# .....
#######.###.#### ..#.
.....##.# #.#.. ..(
###..##.# #.#.# ..#
.#...##.###.#.# ..# #
..............#####..#.#.#
.#†[(######....♣P≈≈♣.....>
.##.## ##...♣P♣pP.# .....#
#.#..@Kp♣.# .##..#
#.#####p..# ###..# #.#
##### #....#######.#
...........#.#
#.##.#####.#. #.##.#
#.##.# #.##.#


You could see Pikel and 3 slaves.

Vanquished Creatures
  An orc wizard (D:3)
  Crazy Yiuf (D:3)
  A bullfrog skeleton (D:2)
  Natasha (thrice) (D:1)
  A worker ant (D:4)
  5 adders
  2 oozes (D:1)
  A worm (D:3)
  2 dart slugs (D:2)
  An orc (D:4)
  2 ball pythons
  A giant cockroach (D:2)
  10 goblins
  5 hobgoblins
  11 kobolds
  2 quokkas
  9 bats
  5 frilled lizards
  5 rats
68 creatures vanquished.

Notes
Turn   | Place    | Note
-------+----------+-------------------------------------------
     0 | D:1      | Kairos the Vine Stalker Fighter began the quest for the
                  | Orb.
     0 | D:1      | Reached XP level 1. HP: 11/11 MP: 2/2
   105 | D:1      | Reached XP level 2. HP: 16/16 MP: 1/3
   186 | D:1      | Reached skill level 3 in Shields
   273 | D:1      | Reached XP level 3. HP: 19/19 MP: 4/4
   652 | D:2      | Noticed Natasha
   666 | D:1      | Killed Natasha
   666 | D:1      | Gained mutation: Your natural rate of healing is unusually
                  | fast. [Vine Stalker growth]
   666 | D:1      | Reached XP level 4. HP: 8/24 MP: 5/5
   704 | D:1      | Noticed Natasha
   714 | D:1      | Killed Natasha
   768 | D:1      | Noticed Natasha
   784 | D:1      | Killed Natasha
   784 | D:1      | Reached XP level 5. HP: 25/28 MP: 4/6
  1029 | D:2      | Reached skill level 1 in Dodging
  1081 | D:2      | Found a sacrificial altar of Ru.
  1136 | D:2      | Found an ornate altar of the Wu Jian Council.
  1661 | D:3      | Found a deep blue altar of Sif Muna.
  1793 | D:3      | Reached XP level 6. HP: 32/32 MP: 7/7
  1840 | D:3      | Found a shimmering altar of Xom.
  1921 | D:3      | Found a runed translucent door.
  1922 | D:3      | Noticed Crazy Yiuf
  2103 | D:3      | Killed Crazy Yiuf
  2195 | D:4      | Found a glowing silver altar of Zin.
  2196 | D:4      | Found a hide-covered altar of Uskayaw.
  2198 | D:4      | Found a blossoming altar of Fedhas.
  2297 | D:4      | Reached skill level 4 in Shields
  2350 | D:4      | Noticed a slave
  2350 | D:4      | Noticed a slave
  2351 | D:4      | Noticed a slave
  2351 | D:4      | Noticed Pikel
  2353 | D:4      | Noticed a slave
  2368 | D:4      | Paralysed by Pikel for 7 turns
  2372 | D:4      | Slain by Pikel

Skill      XL: |  1  2  3  4  5  6 |
---------------+-------------------+-----
Shields        | 3 4 |  4.0
Fighting       | 3 |  3.5
Short Blades   | 2 3 |  3.2
Armour         | 3 |  3.3
Dodging        | 1 |  1.3
Stealth        | |  0.1

Action                   |  1- 3 |  4- 6 || total
-------------------------+-------+-------++-------
Melee: Rapier            |    65 |   164 ||   229
       Bite              |    12 |    50 ||    62
Throw: Tomahawk          |       |     3 ||     3
  Eat: Ration            |       |     1 ||     1
       Chunk             |       |     1 ||     1
Armor: Scale mail        |    34 |    69 ||   103
Dodge: Dodged            |    11 |    38 ||    49
Block: Shield            |    31 |    86 ||   117
